Cogmind - Beta 12 *** ADVENTURER MODE // 2023.09.13 @ 18:49:00 Player: Trantor Result: Destroyed by G-67 Veteran with Field Laser Performance ------------- Evolutions (6) 3000 Regions Visited (23) 4600 Robots Destroyed (169) 845 Value Destroyed (9890) 9890 Prototype IDs (50) 1000 Alien Tech Used (0) 0 Bonus (6208) 6208 TOTAL SCORE: 25543 Bonus ------- High Alert Combat Kills 618 Follower Combat Kills 2498 Entered Garrisons 1200 Used RIF Installer 2500 Aligned with FarCom 300 Friendly Fire -908 Cogmind --------- Core Integrity 0/1150 Matter 300/300 Energy 100/100 System Corruption 5% Temperature Cool (9) Movement Core (350) Ox6 Location -4/Factory Parts ------- > --- POWER (2) -------- (None) > --- PROPULSION (5) --- (None) > --- UTILITY (10) ----- Large Storage Unit Improved Hacking Suite > --- WEAPON (2) ------- (None) > --- INVENTORY (15) --- Quantum Reactor Advanced Heat Sink Compact Battery (200) Experimental Energy Well (600) Improved Shock Absorption System Faulty Energy Mantle Relay Coupler [Proto] (11) Compact HERF Cannon Enhanced Nova Cannon Enhanced Nova Cannon KE Penetrator Scatter Rocket Array Improved Remote Datajack Greatsword Peak State ------------ > --- POWER ------------ Reinforced Antimatter Reactor > --- PROPULSION ------- Combat Gravmag System Combat Gravmag System Combat Gravmag System Combat Gravmag System Combat Gravmag System > --- UTILITY ---------- Lightpack 2.0 Experimental Targeting Computer Improved Hacking Suite Improved System Shield Improved System Shield Relay Coupler [NC] Relay Coupler [Swarmer] > --- WEAPON ----------- Nova Cannon Power Sword > --- INVENTORY -------- Cold Fusion Reactor Gravmag Array Antigrav System Gyrokinetic Inverter Combat Gravmag System Energy Well Gravity Neutralizer Improved Sensor Array Experimental Targeting Computer Reaction Control System Experimental Propulsion Shielding Experimental Propulsion Shielding Layered Medium Armor Plating Layered Medium Armor Plating Focal Shield Improved Focal Shield Advanced Shield Generator Authchip [R/Combat] Authchip [R/Combat] Authchip [R/Combat] Relay Coupler [Swarmer] Relay Coupler [Cutter] Relay Coupler [Brawler] Relay Coupler [Brawler] Relay Coupler [Sentry] Relay Coupler [Demolisher] Relay Coupler [Hunter] Relay Coupler [Heavy] Relay Coupler [Proto] Tesla Rifle Compact HERF Cannon Advanced Plasma Cannon KE Penetrator Hypervelocity Gauss Cannon Heavy Shock Bomb Launcher Improved Remote Datajack Power Sword Power Sword [Rating: 125] Favorites ----------- Power Micro Fission Core Engine Cooled Deuterium Engine Power Core Micro Fission Core Reactor Reinforced Antimatter Reactor Propulsion Combat Gravmag System Leg Carbon-fiber Leg Wheel Wheel Hover Unit Combat Gravmag System Flight Unit Cesium-ion Thruster Utility Lightpack 2.0 Device Structural Scanner Storage Lightpack 2.0 Processor Experimental Targeting Computer Hackware Improved Hacking Suite Protection Layered Medium Armor Plating Weapon Katana Energy Gun Enhanced Quantum Rifle Energy Cannon Compact HERF Cannon Ballistic Gun Light Assault Rifle Ballistic Cannon Enhanced Gauss Cannon Launcher Rocket Launcher Special Weapon Improved Remote Datajack Impact Weapon Maul Slashing Weapon Katana Build | -11 -10 -10 -9 -9 -9 -8 -8 -8 -8 -8 -8 -7 -7 -7 -7 -6 -6 -5 -5 -5 -5 -5 -4 ------- Run | Jun Mat Min Mat Min Exi Min Mat Gar Mat Sto Gar Fac Gar Fac Gar Fac Gar Fac Gar Fac Upp Upp Fac Slots Evolved 12 | . . . 2 . . . 2 . . . . 2 . . . 2 . 2 . . . . 2 Power 1 | . . . . . . . . . . . . . . . . . . . . . . . 1 Propulsion 3 | . . . 1 . . . 1 . . . . . . . . . . 1 . . . . . Utility 8 | . . . 1 . . . 1 . . . . 2 . . . 2 . 1 . . . . 1 Weapon . | . . . . . . . . . . . . . . . . . . . . . . . . Parts Attached 319 | . 8 9 6 4 1 1 20 19 7 2 19 3 26 14 23 13 22 63 10 28 12 . 9 Power 31 | . 2 2 . . . . 2 4 . 2 2 . . 1 1 5 1 2 1 4 . . 2 Engine 11 | . 2 1 . . . . 2 2 . 2 . . . 1 . 1 . . . . . . . Core 12 | . . 1 . . . . . 2 . . 2 . . . 1 4 . 1 . . . . 1 Reactor 8 | . . . . . . . . . . . . . . . . . 1 1 1 4 . . 1 Propulsion 68 | . 2 2 3 . . . 4 5 1 . 3 . . 8 2 . . 22 5 8 3 . . Treads . | . . . . . . . . . . . . . . . . . . . . . . . . Leg 2 | . . . . . . . . . . . . . . . . . . . . . 2 . . Wheel 2 | . . 2 . . . . . . . . . . . . . . . . . . . . . Hover 58 | . 2 . . . . . 1 5 1 . 3 . . 8 2 . . 22 5 8 1 . . Flight 6 | . . . 3 . . . 3 . . . . . . . . . . . . . . . . Utility 101 | . 1 2 1 . 1 . 7 5 1 . 5 3 9 2 5 5 7 20 4 12 5 . 6 Device 34 | . 1 . 1 . . . 6 2 1 . 1 2 1 1 . 1 . 3 1 7 2 . 4 Storage 6 | . . 1 . . 1 . . . . . . . . . . . . 1 . . 2 . 1 Processor 3 | . . . . . . . . . . . . . . . . . . 1 . 1 . . 1 Hackware 39 | . . 1 . . . . . . . . 2 1 3 1 5 4 6 10 3 2 1 . . Protection 19 | . . . . . . . 1 3 . . 2 . 5 . . . 1 5 . 2 . . . Artifact . | . . . . . . . . . . . . . . . . . . . . . . . . Weapon 119 | . 3 3 2 4 . 1 7 5 5 . 9 . 17 3 15 3 14 19 . 4 4 . 1 Energy Gun 4 | . . . . . . . . . . . . . 3 . . . . . . 1 . . . Energy Cannon 4 | . . . . . . . . . . . . . . . . . . 1 . 1 2 . . Ballistic Gun 16 | . 3 3 1 2 . . 1 . . . . . 1 . 4 . . 1 . . . . . Ballistic Cannon 11 | . . . . . . . . . . . . . 3 . 3 1 4 . . . . . . Launcher 25 | . . . 1 2 . 1 2 2 2 . 3 . 4 . 1 . 3 3 . . 1 . . Special Weapon 30 | . . . . . . . . . . . 3 . 3 2 5 2 6 7 . 2 . . . Impact Weapon 1 | . . . . . . . . . . . . . . . . . . . . . . . 1 Slashing Weapon 28 | . . . . . . . 4 3 3 . 3 . 3 1 2 . 1 7 . . 1 . . Piercing Weapon . | . . . . . . . . . . . . . . . . . . . . . . . . Special Melee Weapon . | . . . . . . . . . . . . . . . . . . . . . . . . Unidentified Prototypes 9 | . . . . . . . 2 . . 1 . . 1 1 . . . 2 . 1 . . 1 Parts Lost 52 | . . 2 . . . . 2 3 2 . 3 . 1 . 1 2 2 6 1 8 4 1 14 Power 5 | . . . . . . . . . . . 1 . . . 1 1 . . . . . 1 1 Propulsion 20 | . . 2 . . . . 1 3 . . 1 . . . . . . 3 . 5 . . 5 Utility 19 | . . . . . . . 1 . 1 . 1 . . . . 1 1 2 1 3 2 . 6 Weapon 8 | . . . . . . . . . 1 . . . 1 . . . 1 1 . . 2 . 2 Highest Loss Streak 11 | . . 2 . . . . 1 2 1 . 3 . 1 . 1 2 1 1 1 3 3 1 11 To Critical Strikes . | . . . . . . . . . . . . . . . . . . . . . . . . Average Slot Usage (%) 85 | . 93 99 97 100 91 77 77 76 76 81 80 84 83 82 83 84 85 85 99 97 86 80 73 Engine 1 | . 14 13 . . . . 5 5 . 2 . . . 1 2 . 3 . . . . . . Core 3 | . . . 11 11 11 11 3 1 9 6 7 7 7 5 4 5 . . 3 . . . 3 Reactor 1 | . . . . . . . . . . . . . . . . . 2 4 1 4 5 3 . Hover 24 | . 27 8 . . . . . 28 34 36 35 30 30 29 29 26 26 24 29 27 16 17 8 Flight 2 | . . . 32 33 33 33 35 5 . . . . . . . . . . . . . . . Device 3 | . 7 13 10 11 6 . 4 1 3 9 . 7 . 1 . 1 . . 10 7 3 . 11 Storage 7 | . 14 14 11 11 11 11 9 9 9 9 9 7 7 7 7 6 6 5 5 5 5 5 4 Hackware 20 | . . . 11 11 6 . . . . . . 15 14 21 22 29 30 31 29 33 29 29 25 Protection 2 | . . . . . . . 3 7 1 . 6 . 7 . . . 2 1 5 2 . . . Ballistic Gun 2 | . 23 28 21 17 22 11 4 . . . . . . . 3 . . . . . . . . Special Weapon 2 | . . . . . . . . . . . 1 7 4 5 2 5 4 4 5 2 . . . Slashing Weapon 6 | . . . . . . . 7 15 16 18 13 7 6 8 6 6 5 5 5 5 4 5 4 Naked Turns . | . . . . . . . . . . . . . . . . . . . . . . . . Heaviest Build 63 | 13 13 13 13 15 15 14 20 31 31 24 24 17 30 23 29 27 40 51 62 63 46 41 57 Greatest Support 70 | 20 20 20 20 15 15 15 20 51 51 51 54 54 54 56 56 56 56 70 64 64 42 42 42 Greatest Overweight (x) 7 | . 1 . 2 . . . 1 1 . . . . . . . . . 1 1 2 3 . 7 Average Overweight (x) . | . . . . . . . . . . . . . . . . . . . . . . . . Largest Inventory Capacity 40 | . 8 8 8 8 40 40 40 40 40 40 40 40 40 40 40 40 40 40 15 15 15 15 15 Average Capacity 31 | . 8 8 8 8 19 40 40 40 40 40 40 40 40 40 40 40 40 34 15 15 15 15 14 Most Carried 40 | . 8 8 8 8 11 15 40 40 40 40 40 39 40 40 40 40 40 40 15 15 15 15 15 Average Carried 29 | . 7 7 7 8 8 14 34 39 37 37 39 38 39 39 38 37 38 33 13 14 12 15 14 Final Capacity 40 | 8 8 8 8 8 40 40 40 40 40 40 40 40 40 40 40 40 40 15 15 15 15 15 15 Final Carried 40 | 6 8 8 8 8 11 15 40 38 40 39 40 39 40 40 40 38 40 15 15 15 15 15 15 Class Distribution -------------------- 35% | Botlord-Mutant 28% | Bothacker-Mutant 12% | Hacker-Mutant 8% | Hauler-Mutant 6% | Mutant 4% | Hauler-Sprinter Dominant Class ---------------- Mutant | -10/Materials Mutant | -10/Mines Hacker-Sprinter | -9/Materials Hacker-Sprinter | -9/Mines Hacker-Sprinter | -9/Exiles Hauler-Sprinter | -8/Mines Hauler-Sprinter | -8/Materials Hauler-Mutant | -8/Garrison Hauler-Mutant | -8/Materials Hauler-Mutant | -8/Storage Bothacker-Mutant | -8/Garrison Bothacker-Mutant | -7/Factory Bothacker-Mutant | -7/Garrison Bothacker-Mutant | -7/Factory Botlord-Mutant | -7/Garrison Botlord-Mutant | -6/Factory Botlord-Mutant | -6/Garrison Botlord-Mutant | -5/Factory Bothacker-Mutant | -5/Garrison Hacker-Mutant | -5/Factory Hacker-Mutant | -5/Upper Caves Hacker-Mutant | -5/Upper Caves Hacker-Mutant | -4/Factory Resources | -11 -10 -10 -9 -9 -9 -8 -8 -8 -8 -8 -8 -7 -7 -7 -7 -6 -6 -5 -5 -5 -5 -5 -4 ----------- Run | Jun Mat Min Mat Min Exi Min Mat Gar Mat Sto Gar Fac Gar Fac Gar Fac Gar Fac Gar Fac Upp Upp Fac Matter Collected 5999 | 200 173 189 104 40 . 10 430 280 71 69 396 . 647 175 463 302 606 1015 87 432 268 . 42 Remotely . | . . . . . . . . . . . . . . . . . . . . . . . . Salvage Created 6242 | . 113 113 68 29 . 15 237 613 259 606 577 . 657 214 317 156 258 647 . 850 394 . 119 Parts 378 | . 11 8 12 11 . 6 19 39 22 31 39 . 29 13 20 12 17 40 . 29 16 . 4 Haulers Intercepted 4 | . 1 . . . . . . . . 1 . . . . . 2 . . . . . . . Recyclers Shooed 4 | . . . 1 . . . . . . . . . . . . . . 1 . 2 . . . Parts Field Recycled . | . . . . . . . . . . . . . . . . . . . . . . . . Retrieved Matter . | . . . . . . . . . . . . . . . . . . . . . . . . Parts Self-Destructed 6 | . . . . . . . . . . . . . . . . . . . . . 6 . . Prevented . | . . . . . . . . . . . . . . . . . . . . . . . . Kills | -11 -10 -10 -9 -9 -9 -8 -8 -8 -8 -8 -8 -7 -7 -7 -7 -6 -6 -5 -5 -5 -5 -5 -4 ------- Run | Jun Mat Min Mat Min Exi Min Mat Gar Mat Sto Gar Fac Gar Fac Gar Fac Gar Fac Gar Fac Upp Upp Fac Combat Hostiles Destroyed 142 | . 3 4 7 7 . 3 7 17 9 9 20 . 11 4 9 1 5 11 . 5 8 . 2 Melee 59 | . . . . . . . 4 12 2 9 8 . 1 4 3 . 1 8 . 4 1 . 2 Guns 16 | . 3 4 3 . . . . . . . . . 2 . 3 . . . . . 1 . . Cannons 10 | . . . . . . . . . . . . . 2 . 3 1 . . . 1 3 . . AOE 56 | . . . 4 7 . 3 3 5 7 . 12 . 6 . . . 4 3 . . 2 . . Classes Destroyed 16 | . 3 1 . . . . 3 3 2 1 1 . 1 . . . 1 . . . . . . Worker 2 | . . . . . . . . . 1 . . . . . . . . . . 1 . . . Builder 3 | . . . . . . . . . 2 . . . . . . . . 1 . . . . . Hauler 4 | . 1 . . . . . . . . 1 . . . . . 2 . . . . . . . Recycler 8 | . . . . . . . . . . 3 . . . . . . . 1 . 4 . . . Operator 1 | . . . . . . . 1 . . . . . . . . . . . . . . . . Watcher 4 | . 1 . . . . . . . . 1 . . . . . . . 1 . 1 . . . Swarmer 57 | . 3 2 7 7 . 3 3 4 5 4 6 . 6 . 1 . 3 3 . . . . . Cutter 5 | . . . . . . . . 2 . . . . . . 3 . . . . . . . . Saboteur 2 | . . . . . . . . . . . . . . . . . 2 . . . . . . Grunt 29 | . . 2 . . . . 2 . 3 2 4 . 3 2 2 . 3 1 . 1 3 . 1 Duelist 1 | . . . . . . . . . . . . . 1 . . . . . . . . . . Sentry 16 | . . . . . . . 1 6 1 2 2 . . 1 1 . 1 . . 1 . . . Demolisher 1 | . . . . . . . . 1 . . . . . . . . . . . . . . . Specialist 2 | . . . . . . . . 1 . . 1 . . . . . . . . . . . . Hunter 10 | . . . . . . . 1 3 . 1 4 . . . . . . . . . 1 . . Programmer 19 | . . . . . . . . . . . 3 . . 1 2 1 1 7 . 3 . . 1 Thug 5 | . . . . . . . . . . . . . 1 . . . . . . . 4 . . Best Kill Streak 10 | . 3 2 4 10 . 3 4 8 7 8 6 . 3 3 4 1 2 4 . 2 4 . 1 Combat Bots Only 10 | . 3 2 4 10 . 3 3 8 4 7 6 . 3 3 4 1 2 4 . 2 4 . 1 Max Kills in Single Turn 4 | . 1 1 2 3 . 3 2 1 4 1 2 . 1 1 1 1 2 4 . 1 2 . 1 Gunslinging . | . . . . . . . . . . . . . . . . . . . . . . . . Exploded 3 | . . . 2 3 . 3 2 1 2 . 2 . 1 . . . 2 3 . . 2 . . Melee 1 | . . . . . . . 1 1 1 1 1 . 1 1 1 . 1 1 . 1 1 . 1 Uniques/NPCs Destroyed . | . . . . . . . . . . . . . . . . . . . . . . . . Combat | -11 -10 -10 -9 -9 -9 -8 -8 -8 -8 -8 -8 -7 -7 -7 -7 -6 -6 -5 -5 -5 -5 -5 -4 -------- Run | Jun Mat Min Mat Min Exi Min Mat Gar Mat Sto Gar Fac Gar Fac Gar Fac Gar Fac Gar Fac Upp Upp Fac Damage Taken 10069 | . 51 170 107 27 . 20 247 830 165 338 521 . 236 199 647 516 632 1432 91 1292 566 10 1972 Core 2653 | . 25 11 28 . . 8 26 202 29 58 77 . 11 16 144 155 115 231 12 211 139 . 1155 Absorbed by Shields 296 | . . . . . . . . 6 . . . . . . . 4 . . 4 46 . . 236 Redirected to Shielding 164 | . . . . . . . . . . . . . . . . . . 164 . . . . . Regen/Repaired (Parts) 408 | . . . . . . . 23 . 33 . . . . 126 . 79 . 147 . . . . . Core Remaining (%) 69 | 100 . 85 . . . 91 . . . . 28 . . . 75 . 68 . . . . 40 . Volleys Fired 360 | . 18 11 14 5 . 1 12 6 5 . 25 . 41 10 31 29 50 55 12 16 19 . . Largest 2 | . 2 2 2 1 . 1 1 1 1 . 1 . 1 1 1 1 1 1 1 1 1 . . Hottest 120 | . 60 40 40 30 . 30 30 30 30 . 33 . 65 7 57 57 57 113 7 94 120 . . Shots Fired 401 | . 34 22 26 5 . 1 12 6 5 . 25 . 41 10 31 29 50 55 12 16 21 . . Gun 115 | . 34 22 24 . . . . . . . . . 8 . 9 . . 1 . 8 9 . . Cannon 57 | . . . . . . . . . . . . . 7 . 5 10 13 8 . 3 11 . . Launcher 89 | . . . 2 5 . 1 12 6 5 . 19 . 19 . 2 . 13 4 . . 1 . . Special 140 | . . . . . . . . . . . 6 . 7 10 15 19 24 42 12 5 . . . Kinetic 117 | . 26 22 24 . . . . . . . . . 7 . 14 10 13 1 . . . . . Thermal 41 | . 8 . . . . . . . . . . . . . . . . 8 . 8 17 . . Explosive 83 | . . . 2 5 . 1 12 6 5 . 19 . 19 . 2 . 10 1 . . 1 . . Electromagnetic 20 | . . . . . . . . . . . . . 8 . . . 3 3 . 3 3 . . Robot Hit Streak 28 | . 8 12 15 12 . . . . 14 . 10 . 14 16 8 13 14 12 14 28 9 . . Robot Miss Streak 3 | . 1 1 2 . . . . . 1 . 1 . 1 1 1 1 2 2 . 1 3 . . Penetration Max 1 | . . . . . . . . . . . . . . . 1 . . . . . . . . Secondary Targets . | . . . . . . . . . . . . . . . . . . . . . . . . Shots Hit Robots 510 | . 24 18 21 2 . . 10 36 10 29 34 . 51 23 28 26 39 70 11 42 22 . 14 Core Hits 255 | . 9 10 10 7 . 2 10 20 17 15 36 . 25 4 14 5 18 24 . 10 15 . 4 Critical Kills 1 | . . . . . . . . . . . . . . . . . . . . . 1 . . Critical Parts Destroyed 3 | . . . . . . . . . . . . . . . 1 . . . . . . . 2 Critical Strikes 26 | . . . . . . . 2 4 . 2 . . 2 3 2 1 1 4 . 2 1 . 2 Meltdown 1 | . . . . . . . . . . . . . . . . . . . . . 1 . . Destroy 1 | . . . . . . . . . . . . . . . 1 . . . . . . . . Blast 4 | . . . . . . . . . . . . . 1 . 1 1 1 . . . . . . Corrupt 1 | . . . . . . . . . . . . . 1 . . . . . . . . . . Smash 2 | . . . . . . . . . . . . . . . . . . . . . . . 2 Sever 17 | . . . . . . . 2 4 . 2 . . . 3 . . . 4 . 2 . . . Melee Attacks 571 | . . . . . . . 25 83 14 34 74 1 51 26 68 4 26 48 27 40 11 . 39 Impact 28 | . . . . . . . . . . . . . . . . . . . . . . . 28 Slashing 543 | . . . . . . . 25 83 14 34 74 1 51 26 68 4 26 48 27 40 11 . 11 Piercing . | . . . . . . . . . . . . . . . . . . . . . . . . Sneak Attacks 25 | . . . . . . . 2 1 1 6 . . 1 1 1 . 2 3 . 7 . . . Combat Hostiles 4 | . . . . . . . 1 1 . . . . . 1 1 . . . . . . . . Follow-up Attacks 14 | . . . . . . . 1 6 . 3 1 . . . . . . . . . . . 3 Damage Inflicted 17802 | . 212 141 343 445 . 143 557 1336 762 1157 1708 . 2849 536 598 352 1249 1845 55 1779 1172 . 563 Guns 1323 | . 212 141 161 . . . . . . . . . 158 . 172 . . 22 . 214 243 . . Cannons 1545 | . . . . . . . . . . . . . 139 . 87 352 209 232 . 141 385 . . Explosions 5027 | . . . 182 445 . 143 168 198 485 . 979 . 1080 . 70 . 573 302 . . 402 . . Melee 9803 | . . . . . . . 389 1138 277 1157 729 . 1472 536 269 . 467 1246 . 1424 142 . 557 Ramming 104 | . . . . . . . . . . . . . . . . . . 43 55 . . . 6 Kinetic 1427 | . 144 141 161 . . . . . . . . . 139 . 259 352 209 22 . . . . . Thermal 1217 | . 68 . . 87 . . . . . . . . . . . . 35 232 . 214 581 . . Explosive 4753 | . . . 182 358 . 143 168 198 485 . 979 . 1080 . 70 . 493 195 . . 402 . . Electromagnetic 498 | . . . . . . . . . . . . . 158 . . . 45 107 . 141 47 . . Impact 470 | . . . . . . . . . . . . . . . . . . . . . . . 470 Slashing 9333 | . . . . . . . 389 1138 277 1157 729 . 1472 536 269 . 467 1246 . 1424 142 . 87 Piercing . | . . . . . . . . . . . . . . . . . . . . . . . . Highest Corruption 14 | . . . . . . . . . . 1 3 . . . 1 1 6 8 8 14 14 14 5 Average Corruption 5 | . . . . . . . . . . 1 2 . . . 1 1 2 5 8 8 14 14 3 Corruption Purged . | . . . . . . . . . . . . . . . . . . . . . . . . Corruption Blocked . | . . . . . . . . . . . . . . . . . . . . . . . . Effects 166 | . . . . . . . . . . 1 16 . . . 5 5 23 14 16 45 34 1 6 Message Errors 37 | . . . . . . . . . . . 2 . . . . . 7 3 7 9 9 . . Matter Fused 38 | . . . . . . . . . . . 5 . . . 1 . 3 2 4 14 9 . . Heat Flow Errors 28 | . . . . . . . . . . . 5 . . . 2 2 5 4 1 7 1 . 1 Energy Discharges 24 | . . . . . . . . . . . 1 . . . 1 1 1 2 1 7 8 . 2 Parts Rejected 3 | . . . . . . . . . . . . . . . . . . . . 1 1 . 1 Parts Fused 6 | . . . . . . . . . . . 1 . . . . 1 1 2 . . . . 1 Data Loss (minor) 18 | . . . . . . . . . . 1 2 . . . 1 . 4 . 2 4 3 1 . Data Loss (major) 6 | . . . . . . . . . . . . . . . . 1 . 1 . 3 . . 1 Misfires 3 | . . . . . . . . . . . . . . . . . 1 . . . 2 . . Alerts 1 | . . . . . . . . . . . . . . . . . . . 1 . . . . Misdirections 1 | . . . . . . . . . . . . . . . . . . . . . 1 . . Weapon Failures 1 | . . . . . . . . . . . . . . . . . 1 . . . . . . Overload Shots . | . . . . . . . . . . . . . . . . . . . . . . . . Overflow Damage 799 | . . . . 8 . 30 . . . 38 15 . 76 . . . 66 92 . 300 14 . 160 Projectiles 45 | . . . . . . . . . . . . . . . . . . 32 . . 13 . . Explosions 77 | . . . . 8 . 30 . . . . 13 . 14 . . . 10 2 . . . . . Melee 677 | . . . . . . . . . . 38 2 . 62 . . . 56 58 . 300 1 . 160 Knockbacks 4 | . . . . . . . . . . . . . 1 . . . 1 . . . . . 2 Impact 2 | . . . . . . . . . . . . . . . . . . . . . . . 2 Kinetic 2 | . . . . . . . . . . . . . 1 . . . 1 . . . . . . Secondary . | . . . . . . . . . . . . . . . . . . . . . . . . Self-Inflicted Damage 370 | . . . . 2 . 14 47 5 27 . 23 . . . 50 . 141 21 27 . 12 . 1 Shots 17 | . . . . 1 . 1 4 1 2 . 1 . . . 1 . 5 . . . 1 . . Rammed 9 | . . . . . . . . . . . . . . . . . . 3 1 . . . 5 Targets Rammed 9 | . . . . . . . . . . . . . . . . . . 3 1 . . . 5 Kicked . | . . . . . . . . . . . . . . . . . . . . . . . . Crushed . | . . . . . . . . . . . . . . . . . . . . . . . . Highest Temperature 568 | . 66 41 8 3 . . 7 52 13 12 251 . 102 3 184 249 281 568 170 344 235 . 193 Average Temperature 82 | . 21 17 4 3 . . 4 5 6 8 103 . 26 3 68 69 97 99 43 130 82 . 83 Received Heat Transfer 2171 | . 39 102 27 . . . 36 141 45 153 9 . 99 69 186 75 48 129 15 165 165 . 668 Effects 16 | . . . . . . . . . . . . . . . . . 1 10 . 5 . . . Shutdowns 4 | . . . . . . . . . . . . . . . . . . 2 . 2 . . . Energy Bleed 3 | . . . . . . . . . . . . . . . . . 1 2 . . . . . Interference 6 | . . . . . . . . . . . . . . . . . . 3 . 3 . . . Matter Decay 1 | . . . . . . . . . . . . . . . . . . 1 . . . . . Short Circuit 2 | . . . . . . . . . . . . . . . . . . 2 . . . . . Siege Activations . | . . . . . . . . . . . . . . . . . . . . . . . . Robots Corrupted . | . . . . . . . . . . . . . . . . . . . . . . . . Combat Hostiles . | . . . . . . . . . . . . . . . . . . . . . . . . Parts Fried 2 | . . . . . . . . . . . . . . . . . . . . 2 . . . Impact Corruptions 7 | . . . . . . . . . . . . . . . . . . . . . . . 7 Robots Melted 1 | . . . . . . . . . . . . . . . . . . . . . 1 . . Combat Hostiles 1 | . . . . . . . . . . . . . . . . . . . . . 1 . . Parts Melted 4 | . . . . . . . . . . . . . . . . . . 1 . . 3 . . Heat Transferred 1286 | . 150 . . 100 . . . . . . . . . . . . . 222 . 222 592 . . Parts Sabotaged . | . . . . . . . . . . . . . . . . . . . . . . . . Parts Stolen . | . . . . . . . . . . . . . . . . . . . . . . . . Parts Stripped . | . . . . . . . . . . . . . . . . . . . . . . . . Power Chain Reactions 1 | . . . . . . . . . . . . . . . . . 1 . . . . . . Missiles Intercepted . | . . . . . . . . . . . . . . . . . . . . . . . . Alert | -11 -10 -10 -9 -9 -9 -8 -8 -8 -8 -8 -8 -7 -7 -7 -7 -6 -6 -5 -5 -5 -5 -5 -4 ------- Run | Jun Mat Min Mat Min Exi Min Mat Gar Mat Sto Gar Fac Gar Fac Gar Fac Gar Fac Gar Fac Upp Upp Fac Peak Influence 1361 | . 238 193 241 285 . 123 360 553 423 522 1260 596 1361 664 853 412 922 511 123 151 . . 29 Initial 618 | . . 14 3 79 . . 40 14 232 151 297 573 355 618 309 388 154 419 38 55 . . . Average 330 | . 71 91 125 260 . 90 87 247 223 306 790 577 806 528 583 318 506 118 91 60 . . 8 Maximum Alert Level 4 | . 1 . 1 1 . . 1 2 2 2 4 2 4 2 3 2 3 2 . . . . . Low Security (%) 45 | . 88 100 80 13 . 100 85 44 22 28 . . . . . . 1 79 100 100 . . 100 Level 1 20 | . 11 . 19 86 . . 14 33 74 36 20 . 6 8 16 84 44 14 . . . . . Level 2 20 | . . . . . . . . 21 2 35 16 100 26 91 51 15 26 6 . . . . . Level 3 11 | . . . . . . . . . . . 38 . 54 . 31 . 27 . . . . . . Level 4 2 | . . . . . . . . . . . 25 . 11 . . . . . . . . . . Level 5 . | . . . . . . . . . . . . . . . . . . . . . . . . High Security . | . . . . . . . . . . . . . . . . . . . . . . . . Max Security . | . . . . . . . . . . . . . . . . . . . . . . . . Squads Dispatched 45 | . . 1 . . . . 1 . 2 2 . 1 . 5 . 7 . 21 . 5 . . . Investigation 17 | . . 1 . . . . . . 1 1 . 1 . 4 . 1 . 6 . 2 . . . Extermination 10 | . . . . . . . . . . . . . . 1 . 2 . 5 . 2 . . . Reinforcement 9 | . . . . . . . 1 . 1 1 . . . . . 2 . 3 . 1 . . . Assault . | . . . . . . . . . . . . . . . . . . . . . . . . Garrison 9 | . . . . . . . . . . . . . . . . 2 . 7 . . . . . Intercept . | . . . . . . . . . . . . . . . . . . . . . . . . Searches Triggered . | . . . . . . . . . . . . . . . . . . . . . . . . Construction Impeded 1 | . . . . . . . . . . . . . . . . . . 1 . . . . . Haulers Reinforced 3 | . . . . . . . . . . . . . . . . 2 . 1 . . . . . Active Scanning Responses . | . . . . . . . . . . . . . . . . . . . . . . . . Cargo Convoy Interrupts . | . . . . . . . . . . . . . . . . . . . . . . . . Alert ID Control Effect 36 | . . . . . . . . . . . . . . 2 8 4 9 8 2 3 . . . Stealth | -11 -10 -10 -9 -9 -9 -8 -8 -8 -8 -8 -8 -7 -7 -7 -7 -6 -6 -5 -5 -5 -5 -5 -4 --------- Run | Jun Mat Min Mat Min Exi Min Mat Gar Mat Sto Gar Fac Gar Fac Gar Fac Gar Fac Gar Fac Upp Upp Fac Distress Signals 6 | . 2 . . . . . . . 1 1 . . . . . . . 2 . . . . . Communications Jammed . | . . . . . . . . . . . . . . . . . . . . . . . . Distress Signals . | . . . . . . . . . . . . . . . . . . . . . . . . Times Spotted 370 | . 15 8 8 4 . 6 10 19 16 17 23 . 23 16 26 23 38 56 6 32 9 2 13 Peak Tracking Total 10 | . 4 3 4 3 . 3 3 5 6 8 4 . 5 4 9 6 6 5 3 10 4 4 9 Tactical Retreats 36 | . 7 2 . . . 1 . . 4 1 . . . 4 . . 2 9 . 4 1 . 1 Traps | -11 -10 -10 -9 -9 -9 -8 -8 -8 -8 -8 -8 -7 -7 -7 -7 -6 -6 -5 -5 -5 -5 -5 -4 ------- Run | Jun Mat Min Mat Min Exi Min Mat Gar Mat Sto Gar Fac Gar Fac Gar Fac Gar Fac Gar Fac Upp Upp Fac Traps Triggered 34 | . . . . . . . 1 3 . . 5 . 5 3 6 . 7 . . 4 . . . Indirectly . | . . . . . . . . . . . . . . . . . . . . . . . . Trap Hack Attempts . | . . . . . . . . . . . . . . . . . . . . . . . . Triggered . | . . . . . . . . . . . . . . . . . . . . . . . . Disarmed . | . . . . . . . . . . . . . . . . . . . . . . . . Reprogrammed 7 | . . . . . . . . . . . . . . . . . . 7 . . . . . Reused 4 | . . . . . . . . . . . . . . . . . . 4 . . . . . Traps Extracted . | . . . . . . . . . . . . . . . . . . . . . . . . Installed . | . . . . . . . . . . . . . . . . . . . . . . . . Triggered 5 | . . 1 . . . . . . . . . . . . . . . 4 . . . . . Machines | -11 -10 -10 -9 -9 -9 -8 -8 -8 -8 -8 -8 -7 -7 -7 -7 -6 -6 -5 -5 -5 -5 -5 -4 ---------- Run | Jun Mat Min Mat Min Exi Min Mat Gar Mat Sto Gar Fac Gar Fac Gar Fac Gar Fac Gar Fac Upp Upp Fac Machines Disabled 51 | . . . 1 1 . . 1 2 . 1 8 . 9 . 8 3 9 4 1 3 . . . Max in Single Turn 2 | . . . 1 1 . . 1 1 . 1 1 . 2 . 2 . 2 . 1 . . . . Garrison Access 1 | . . . . . . . . . . . . . . . . . . 1 . . . . . Garrison Relay 19 | . . . . . . . . 1 . . 4 . 4 . 5 . 4 . 1 . . . . Phase Generator 2 | . . . . . . . . . . . . . . . 1 . 1 . . . . . . Machines Repaired . | . . . . . . . . . . . . . . . . . . . . . . . . Machines Sabotaged . | . . . . . . . . . . . . . . . . . . . . . . . . Overloaded Fab Kills . | . . . . . . . . . . . . . . . . . . . . . . . . Hacking | -11 -10 -10 -9 -9 -9 -8 -8 -8 -8 -8 -8 -7 -7 -7 -7 -6 -6 -5 -5 -5 -5 -5 -4 --------- Run | Jun Mat Min Mat Min Exi Min Mat Gar Mat Sto Gar Fac Gar Fac Gar Fac Gar Fac Gar Fac Upp Upp Fac Machines Accessed 106 | . 9 1 2 . 5 . 6 3 5 6 4 3 5 12 3 7 2 25 . 6 1 . 1 Terminals 67 | . 7 . 2 . . . 4 3 3 4 4 1 5 6 3 3 2 15 . 3 1 . 1 Fabricators 9 | . . . . . . . . . . . . 1 . 2 . . . 4 . 2 . . . Repair Stations 7 | . . . . . . . 1 . 1 1 . . . 2 . 1 . 1 . . . . . Recycling Units 4 | . 2 . . . . . . . . . . . . . . 1 . 1 . . . . . Scanalyzers 6 | . . . . . . . . . 1 . . . . 1 . 1 . 2 . 1 . . . Garrison Access 7 | . . . . . . . 1 . . 1 . 1 . 1 . 1 . 2 . . . . . Total Hacks 375 | . 29 1 7 . 50 . 20 4 15 17 6 4 15 35 5 14 5 103 . 37 1 . 7 Successful 254 | . 17 1 4 . 50 . 15 2 13 8 3 3 3 18 3 7 4 74 . 24 1 . 4 Failed 120 | . 11 . 3 . . . 5 2 2 9 3 1 12 17 2 7 1 29 . 13 . . 3 Catastrophic 14 | . 1 . . . . . . 1 . . 1 1 1 2 . 2 1 4 . . . . . Database Lockouts 1 | . 1 . . . . . . . . . . . . . . . . . . . . . . Manual 132 | . 19 . 5 . 1 . 14 . 3 9 . 1 . 11 . 4 3 51 . 9 1 . 1 Terminals 217 | . 27 . 7 . . . 17 4 8 13 6 1 15 14 5 5 5 70 . 12 1 . 7 Fabricators 23 | . . . . . . . . . . . . 2 . 5 . . . 10 . 6 . . . Repair Stations 19 | . . . . . . . 2 . 2 3 . . . 7 . 3 . 2 . . . . . Recycling Units 5 | . 2 . . . . . . . . . . . . . . 1 . 2 . . . . . Scanalyzers 51 | . . . . . . . . . 5 . . . . 8 . 3 . 16 . 19 . . . Garrison Access 9 | . . . . . . . 1 . . 1 . 1 . 1 . 2 . 3 . . . . . Terminal Hacks 134 | . 11 1 2 . 50 . 6 2 5 4 3 . 3 3 3 1 3 29 . 4 1 . 3 Record 51 | . . . . . 49 . . . . 1 . . . . . . . . . . 1 . . Part Schematic 12 | . . . . . . . . . . 2 . . . . . . . 7 . 2 . . 1 Robot Schematic 1 | . . . . . . . . . . . . . . . . . . 1 . . . . . Robot Analysis 9 | . 2 . . . . . 1 . 1 . . . . . . . 1 3 . 1 . . . Prototype ID Bank 5 | . . . 1 . . . 1 . 1 . . . . . . . . 2 . . . . . Open Door 5 | . . 1 . . . . . . . 1 . . 1 . 1 . 1 . . . . . . Open DSF 7 | . . . . . . . . . . . . . . 2 . 1 . 3 . 1 . . . Branch Access Points 5 | . 1 . . . . . . . 1 . . . . 1 . . . 1 . . . . 1 Emergency Access Points 5 | . . . . . . . . 1 . . 1 . 1 . 1 . 1 . . . . . . Terminal Index 4 | . 1 . 1 . . . 1 . . . . . . . . . . 1 . . . . . Fabricator Index 1 | . . . . . . . . . . . . . . . . . . 1 . . . . . Unreport Threat 11 | . 4 . . . . . 2 . 2 . . . . . . . . 3 . . . . . Locate Traps 3 | . 1 . . . . . 1 . . . . . . . . . . 1 . . . . . Reprogram Traps 3 | . . . . . . . . . . . . . . . . . . 3 . . . . . Patrol Status 1 | . . . . . . . . . . . . . . . . . . 1 . . . . . Assault Status 1 | . 1 . . . . . . . . . . . . . . . . . . . . . . Recall Reinforcements 1 | . 1 . . . . . . . . . . . . . . . . . . . . . . Hauler Manifests 2 | . . . . . . . . . . . . . . . . . . 1 . . . . 1 Registered Components 1 | . . . . . . . . . . . . . . . . . . 1 . . . . . Garrison Registry 3 | . . . . . . . . 1 . . 1 . 1 . . . . . . . . . . Patrol Navigation 2 | . . . . . . . . . . . 1 . . . 1 . . . . . . . . EX-Prototype ID Bank 1 | . . . . . 1 . . . . . . . . . . . . . . . . . . Fabricator Hacks 19 | . . . . . . . . . . . . 2 . 3 . . . 9 . 5 . . . Load Schematic 10 | . . . . . . . . . . . . 1 . 2 . . . 5 . 2 . . . Build 9 | . . . . . . . . . . . . 1 . 1 . . . 4 . 3 . . . Repair Station Hacks 12 | . . . . . . . 2 . 2 1 . . . 3 . 2 . 2 . . . . . Scan Component 7 | . . . . . . . 1 . 1 1 . . . 2 . 1 . 1 . . . . . Repair 5 | . . . . . . . 1 . 1 . . . . 1 . 1 . 1 . . . . . Recycling Unit Hacks 5 | . 2 . . . . . . . . . . . . . . 1 . 2 . . . . . Report Inventory 4 | . 2 . . . . . . . . . . . . . . 1 . 1 . . . . . Retrieve Components 1 | . . . . . . . . . . . . . . . . . . 1 . . . . . Scanalyzer 38 | . . . . . . . . . 4 . . . . 4 . 1 . 16 . 13 . . . Insert Component 18 | . . . . . . . . . 2 . . . . 2 . 1 . 7 . 6 . . . Analyze 20 | . . . . . . . . . 2 . . . . 2 . . . 9 . 7 . . . Garrison Access Hacks 9 | . . . . . . . 1 . . 1 . 1 . 1 . 2 . 3 . . . . . Unlock Access 6 | . . . . . . . 1 . . 1 . 1 . 1 . 1 . 1 . . . . . Seal Access 1 | . . . . . . . . . . . . . . . . . . 1 . . . . . Coupler Status 2 | . . . . . . . . . . . . . . . . 1 . 1 . . . . . Unauthorized Hacks 37 | . 4 . 2 . . . 6 . 2 2 . . . 4 . . 1 13 . 2 . . 1 Terminals 37 | . 4 . 2 . . . 6 . 2 2 . . . 4 . . 1 13 . 2 . . 1 Assimilate 3 | . . . . . . . 1 . . . . . . 1 . . . 1 . . . . . Botnet 31 | . 4 . 2 . . . 4 . 2 2 . . . 2 . . 1 11 . 2 . . 1 Operators 3 | . . . . . . . 1 . . . . . . 1 . . . 1 . . . . . Fabricators . | . . . . . . . . . . . . . . . . . . . . . . . . Repair Stations . | . . . . . . . . . . . . . . . . . . . . . . . . Recycling Units . | . . . . . . . . . . . . . . . . . . . . . . . . Scanalyzers . | . . . . . . . . . . . . . . . . . . . . . . . . Garrison Access . | . . . . . . . . . . . . . . . . . . . . . . . . Data Cores Recovered 1 | . . . . . . . . . . . . . . . . 1 . . . . . . . Used . | . . . . . . . . . . . . . . . . . . . . . . . . Hacking Detections 75 | . 7 . 2 . . . 5 3 5 4 3 2 3 9 1 5 1 19 . 5 . . 1 Full Trace Events 19 | . . . . . . . . 1 1 1 1 1 2 3 . 1 . 6 . 2 . . . Feedback Events 1 | . . . . . . . . . . 1 . . . . . . . . . . . . . Corruption 1 | . . . . . . . . . . 1 . . . . . . . . . . . . . Feedback Blocked . | . . . . . . . . . . . . . . . . . . . . . . . . Robot Schematics Acquired 1 | . . . . . . . . . . . . . . . . . . 1 . . . . . Robots Built . | . . . . . . . . . . . . . . . . . . . . . . . . Authchips . | . . . . . . . . . . . . . . . . . . . . . . . . Time . | . . . . . . . . . . . . . . . . . . . . . . . . Total Robot Build Rating . | . . . . . . . . . . . . . . . . . . . . . . . . Part Schematics Acquired 26 | . . . . . . . . . 2 2 . . . 1 . . . 12 . 8 . . 1 Parts Built 11 | . . . . . . . . . . . . 1 . 2 . . . 5 . 3 . . . Authchips . | . . . . . . . . . . . . . . . . . . . . . . . . Time 713 | . . . . . . . . . . . . 47 . 106 . . . 214 . 346 . . . Total Part Build Rating 56 | . . . . . . . . . . . . 5 . 12 . . . 21 . 18 . . . Parts Repaired 5 | . . . . . . . 1 . 1 . . . . 1 . 1 . 1 . . . . . Time 180 | . . . . . . . 38 . 50 . . . . 18 . 18 . 56 . . . . . Parts Recycled . | . . . . . . . . . . . . . . . . . . . . . . . . Recycled Matter . | . . . . . . . . . . . . . . . . . . . . . . . . Retrieved Matter . | . . . . . . . . . . . . . . . . . . . . . . . . Retrieved Components 9 | . . . . . . . . . . . . . . . . . . 9 . . . . . Parts Scanalyzed 16 | . . . . . . . . . 2 . . . . 2 . 1 . 5 . 6 . . . Part Schematics Acquired 14 | . . . . . . . . . 2 . . . . 1 . . . 5 . 6 . . . Parts Damaged 2 | . . . . . . . . . . . . . . . . . . 1 . 1 . . . Bothacking | -11 -10 -10 -9 -9 -9 -8 -8 -8 -8 -8 -8 -7 -7 -7 -7 -6 -6 -5 -5 -5 -5 -5 -4 ------------ Run | Jun Mat Min Mat Min Exi Min Mat Gar Mat Sto Gar Fac Gar Fac Gar Fac Gar Fac Gar Fac Upp Upp Fac Used RIF Installer 5 | . . . . . . . . 1 . . 1 . 1 . 1 . 1 . . . . . . Hotswap 1 | . . . . . . . . . . . . . . . 1 . . . . . . . . Command Fork 1 | . . . . . . . . . . . 1 . . . . . . . . . . . . Patrol Navigation 1 | . . . . . . . . . . . . . . . . . 1 . . . . . . Alert ID Control 1 | . . . . . . . . . . . . . 1 . . . . . . . . . . Robots Hacked 85 | . . . . . . . . . . . 2 . 5 3 12 15 14 26 4 4 . . . Non-combat 15 | . . . . . . . . . . . . . . 2 . 1 . 11 . 1 . . . Combat 70 | . . . . . . . . . . . 2 . 5 1 12 14 14 15 4 3 . . . Robot Hacks Applied 97 | . . . . . . . . . . . 2 . 5 8 13 15 15 30 5 4 . . . parse_system 13 | . . . . . . . . . . . . . 1 3 1 1 3 3 . 1 . . . no_distress 1 | . . . . . . . . . . . . . . . . . . 1 . . . . . find_chute 1 | . . . . . . . . . . . . . . . . . . 1 . . . . . drop_inventory 7 | . . . . . . . . . . . . . . 1 . . . 6 . . . . . purge_threat 1 | . . . . . . . . . . . . . . . . . . 1 . . . . . block_reporting 1 | . . . . . . . . . . . . . . . . . . 1 . . . . . map_route 1 | . . . . . . . . . . . . . . 1 . . . . . . . . . mark_security 1 | . . . . . . . . . . . . . . 1 . . . . . . . . . relay_feed 1 | . . . . . . . . . . . . . . 1 . . . . . . . . . tweak_propulsion 2 | . . . . . . . . . . . . . . . 2 . . . . . . . . disrupt_area 2 | . . . . . . . . . . . . . . . . . . 1 1 . . . . overload_power 1 | . . . . . . . . . . . . . . . 1 . . . . . . . . disable_weapons 1 | . . . . . . . . . . . . . . . . . . . 1 . . . . overwrite_iff 8 | . . . . . . . . . . . . . . . 4 2 1 . . 1 . . . formatsys_high 56 | . . . . . . . . . . . 2 . 4 1 5 12 11 16 3 2 . . . Relay Couplers Released 80 | . . . . . . . . 5 . . 16 . 19 . 21 . 16 . 3 . . . . Machine Destruction 80 | . . . . . . . . 5 . . 16 . 19 . 21 . 16 . 3 . . . . Attached 27 | . . . . . . . . . . . 2 . 3 1 5 2 6 4 3 1 . . . Fabnet Peak Effective % . | . . . . . . . . . . . . . . . . . . . . . . . . Robots Rewired 9 | . . . . . . . . . . . 3 . 2 . . . 1 . 3 . . . . Allies Hacked 1 | . . . . . . . . . . . . . . . 1 . . . . . . . . Hacks Repelled 1 | . . . . . . . . . . . . . . . . . 1 . . . . . . Allies | -11 -10 -10 -9 -9 -9 -8 -8 -8 -8 -8 -8 -7 -7 -7 -7 -6 -6 -5 -5 -5 -5 -5 -4 -------- Run | Jun Mat Min Mat Min Exi Min Mat Gar Mat Sto Gar Fac Gar Fac Gar Fac Gar Fac Gar Fac Upp Upp Fac Total Allies 94 | . . 3 . . . . . . . . 5 . 7 1 13 17 18 19 7 4 . . . Largest Group 11 | . . 3 . . . . . . . . 3 2 3 3 5 7 5 11 4 4 . . . Highest-Rated Group 314 | . . 40 . . . . . . . . 72 30 86 86 231 124 314 289 87 116 . . . Highest-Rated Ally 148 | . . 16 . . . . . . . . 24 15 39 39 80 41 148 148 49 41 . . . Total Orders 8 | . . . . . . . . . . . . . . . . . . . . 8 . . . EXPLORE 8 | . . . . . . . . . . . . . . . . . . . . 8 . . . Ally Attacks 487 | . . 17 . . . . . . . . 38 6 63 13 27 25 88 124 34 52 . . . Total Damage 11523 | . . 121 . . . . . . . . 837 112 997 413 703 1179 2665 2547 669 1280 . . . Kills 96 | . . 4 . . . . . . . . 8 1 12 2 8 13 22 19 3 4 . . . Allies Corrupted 1 | . . . . . . . . . . . . . . . . . . . . 1 . . . Allies Melted . | . . . . . . . . . . . . . . . . . . . . . . . . Intel | -11 -10 -10 -9 -9 -9 -8 -8 -8 -8 -8 -8 -7 -7 -7 -7 -6 -6 -5 -5 -5 -5 -5 -4 ------- Run | Jun Mat Min Mat Min Exi Min Mat Gar Mat Sto Gar Fac Gar Fac Gar Fac Gar Fac Gar Fac Upp Upp Fac Robot Analysis Total 8 | . 2 . . . . . 1 . 1 . . . . . . . 1 3 . . . . . Derelict Logs Recovered 5 | . . 2 . 1 . . . . . . . . . . . . . . . . 1 1 . Drone Launches 8 | . . . . . . . . . . . . . . . . . . . . 8 . . . Drone Recoveries 3 | . . . . . . . . . . . . . . . . . . . . 3 . . . Exploration | -11 -10 -10 -9 -9 -9 -8 -8 -8 -8 -8 -8 -7 -7 -7 -7 -6 -6 -5 -5 -5 -5 -5 -4 ------------- Run | Jun Mat Min Mat Min Exi Min Mat Gar Mat Sto Gar Fac Gar Fac Gar Fac Gar Fac Gar Fac Upp Upp Fac Turns Passed 16375 | . 439 610 118 93 165 113 564 678 396 245 1069 160 1220 1030 1193 778 1283 2959 560 1246 863 34 559 Spaces Moved 16736 | 1 634 771 212 249 530 355 839 531 345 183 932 183 1021 908 1130 785 1295 3221 502 1082 783 41 203 Core 4 | . . . . . . . . . . . . . . . . . . . . . . . 4 Treads . | . . . . . . . . . . . . . . . . . . . . . . . . Legs 79 | 1 7 . . . . . . . . . . . . . . . . . . . 3 . 68 Wheels 472 | . . 468 4 . . . . . . . . . . . . . . . . . . . . Hover 13975 | . 627 303 . . . . . 506 345 183 932 183 1021 908 1130 785 1295 3221 502 1082 780 41 131 Flight 2206 | . . . 208 249 530 355 839 25 . . . . . . . . . . . . . . . Fastest Speed 26 | 120 56 56 29 29 29 29 26 27 65 65 65 71 71 56 71 71 71 44 44 45 60 80 80 Average Speed 64 | 120 56 70 31 29 29 29 27 61 65 65 68 71 71 64 71 71 71 60 69 64 98 80 168 Slowest Speed 400 | 120 130 80 195 29 29 29 109 120 65 65 74 71 71 71 77 71 71 147 112 220 330 80 400 Overloaded Moves . | . . . . . . . . . . . . . . . . . . . . . . . . Propulsion Burnouts . | . . . . . . . . . . . . . . . . . . . . . . . . Robots Hopped 3 | . . . . . . 2 1 . . . . . . . . . . . . . . . . Cave-ins Triggered 4 | . . . . . . . 1 . . . . . . . . . 1 1 . . 1 . . Exploration Rate (%) 51 | 2 84 99 26 48 94 73 51 67 32 41 79 5 91 25 94 20 96 51 28 25 80 8 8 Regions Visited 23 Branch Regions 7 Pre-discovered Areas 3 | . . 1 . . 1 . . . . . . . . . . . . . . . 1 . . Known Exits Taken 10 | . 1 . 1 . . . 1 . 1 1 . 1 . 1 . 1 . 1 . 1 . . . Unknown Exits Taken 7 | 1 . 1 . 1 1 1 . . . . . . . . . . . . . . 1 1 . Scrap Searched 6 | . . 1 . 2 . 1 . . . . . . . . . . . . . . 2 . . Spaces Dug 295 | . . . . . . 8 65 9 17 1 14 1 31 10 16 4 43 19 21 13 6 . 17 Terrain Destroyed 799 | . . . 5 60 . 8 90 50 41 1 97 1 71 10 92 4 130 53 21 14 34 . 17 Melee 155 | . . . . . . . 11 9 4 1 14 1 8 10 16 4 2 19 21 12 6 . 17 Projectile 9 | . . . . . . . . . . . . . 1 . 1 . 1 3 . 2 1 . . AOE 635 | . . . 5 60 . 8 79 41 37 . 83 . 62 . 75 . 127 31 . . 27 . . Terrain Rammed . | . . . . . . . . . . . . . . . . . . . . . . . . Walls Destroyed . | . . . . . . . . . . . . . . . . . . . . . . . . Machines Disabled . | . . . . . . . . . . . . . . . . . . . . . . . . Actions | -11 -10 -10 -9 -9 -9 -8 -8 -8 -8 -8 -8 -7 -7 -7 -7 -6 -6 -5 -5 -5 -5 -5 -4 --------- Run | Jun Mat Min Mat Min Exi Min Mat Gar Mat Sto Gar Fac Gar Fac Gar Fac Gar Fac Gar Fac Upp Upp Fac Total 21284 | . 686 823 241 263 542 360 1134 768 489 266 1239 211 1401 1311 1393 979 1588 4145 669 1555 838 41 342 Wait 2739 | . 10 19 4 4 . . 180 105 114 42 137 22 222 336 107 131 144 611 97 365 8 1 80 Move 16704 | . 633 770 211 248 529 350 836 528 344 183 931 183 1019 908 1128 784 1291 3221 501 1081 782 40 203 Hop 3 | . . . . . . 2 1 . . . . . . . . . . . . . . . . Pick Up 286 | . 5 4 2 . 8 6 48 12 6 4 30 2 12 7 20 10 27 55 8 8 3 . 9 Fast Attach 81 | . 5 1 4 2 1 . 4 5 1 1 4 . 4 2 3 2 1 15 . 16 4 . 6 Attach 60 | . 1 2 . . . . 5 3 2 . 1 2 2 2 5 3 4 14 2 5 5 . 2 Detach 38 | . 3 1 . . 1 . 4 3 . 1 1 . 2 . 2 1 1 7 . 6 3 . 2 Swap 179 | . 2 6 2 2 . 1 11 11 4 1 14 1 20 10 15 8 17 35 8 7 3 . 1 Drop 213 | . 9 9 4 2 3 . 12 14 . 5 21 . 12 8 5 4 13 75 6 9 . . 2 Fire 360 | . 18 11 14 5 . 1 12 6 5 . 25 . 41 10 31 29 50 55 12 16 19 . . Melee 535 | . . . . . . . 21 72 13 29 67 1 51 25 68 4 26 48 27 40 11 . 32 Ram 9 | . . . . . . . . . . . . . . . . . . 3 1 . . . 5 Kick . | . . . . . . . . . . . . . . . . . . . . . . . . Crush . | . . . . . . . . . . . . . . . . . . . . . . . . Escape Stasis 44 | . . . . . . . . 9 . . 6 . 10 3 7 . 9 . . . . . . Rewire 32 | . . . . . . . . . . . 2 . 6 . 2 3 5 6 7 1 . . . Trap . | . . . . . . . . . . . . . . . . . . . . . . . . Miscellaneous 1 | . . . . . . . . . . . . . . . . . . . . 1 . . . Route ------- -11/Junkyard -10/Materials (discovered 3 exits: *Mat x2 / *Min) -10/Mines (discovered 2 exits: *Mat x2) -9/Materials (discovered 2 exits: *Min x2) -9/Mines -9/Exiles (discovered 2 exits: [*Min x2]) -8/Mines (discovered 2 exits: *Mat x2) -8/Materials (discovered 3 exits: *Fac x2 / Gar) -8/Garrison (discovered 3 exits: *Mat x3) -8/Materials (discovered 2 exits: *Fac / *Sto) -8/Storage -8/Garrison (discovered 3 exits: *Fac x3) -7/Factory -7/Garrison (discovered 3 exits: *Fac x3) -7/Factory (discovered 5 exits: *Fac x2 / *Low x2 / Gar) -7/Garrison (discovered 3 exits: *Fac x3) -6/Factory -6/Garrison (discovered 3 exits: *Fac x3) -5/Factory (discovered 6 exits: *Fac x3 / *Upp x2 / Gar) -5/Garrison -5/Factory -5/Upper Caves -5/Upper Caves -4/Factory (discovered 5 exits: Upp x2 / Ext x2 / Arm) History --------- Turn | Location | Event 1 | -11/Junkyard | Discovered new exit (range 0) 1 | -11/Junkyard | Entered Materials 45 | -10/Materials | Identified exit to Mines 195 | -10/Materials | Discovered new exit (range 3) 252 | -10/Materials | Discovered new exit (range 15) 307 | -10/Materials | Central database locked down 308 | -10/Materials | Build established: Mutant 440 | -10/Materials | Entered Mines 489 | -10/Mines | Assisted by bots powering up and referring to "LRC-V3" 553 | -10/Mines | Discovered new exit (range 5) 576 | -10/Mines | Learned Materials terminal intel 608 | -10/Mines | Learned location of Storage (-8) 985 | -10/Mines | Discovered new exit (range 12) 1016 | -10/Mines | Met a Derelict shopkeep closing up shop 1050 | -10/Mines | Entered Materials 1050 | -9/Materials | Evolved 2 slots: Propulsion x1, Utility x1 1051 | -9/Materials | Identified exit to Mines 1052 | -9/Materials | Loaded intel: 12 terminal locations 1168 | -9/Materials | Entered Mines 1204 | -9/Mines | Destroyed 10 combat bots 1221 | -9/Mines | Learned 2 Materials zone layouts 1226 | -9/Mines | Deemed a non-threat by the Exiles lab entrance 1226 | -9/Mines | Discovered new exit (range 5) 1251 | -9/Mines | Assembled infested the area 1261 | -9/Mines | Entered Exiles 1266 | -9/Exiles | Discovered new exit (range 15) 1271 | -9/Exiles | Met 8R-AWN 1275 | -9/Exiles | Met EX-HEX 1292 | -9/Exiles | Met EX-DEC 1297 | -9/Exiles | Visited The Gauntlet 1333 | -9/Exiles | Learned location of Zion (-7) 1342 | -9/Exiles | Met EX-BIN 1349 | -9/Exiles | Aligned with FarCom system 1349 | -9/Exiles | Given EX-Vault access code 1363 | -9/Exiles | Opened EX-Vault 1365 | -9/Exiles | Build established: Hacker-Sprinter 1367 | -9/Exiles | Found Lightpack 2.0 1381 | -9/Exiles | Warned to stay clear of 0b10 Research branches 1424 | -9/Exiles | Discovered new exit (range 10) 1426 | -9/Exiles | Left Exiles lab with Lightpack 2.0 1426 | -9/Exiles | Entered Mines 1513 | -8/Mines | Discovered new exit (range 7) 1524 | -8/Mines | Discovered new exit (range 12) 1539 | -8/Mines | Entered Materials 1539 | -8/Materials | Evolved 2 slots: Propulsion x1, Utility x1 1540 | -8/Materials | Identified exit to Factory 1640 | -8/Materials | Repaired Cesium-ion Thruster 1693 | -8/Materials | Build established: Hauler-Sprinter 1838 | -8/Materials | Crushed by falling debris 1924 | -8/Materials | Discovered exit to Factory (range 8) 2022 | -8/Materials | Identified exit to Garrison 2103 | -8/Materials | Entered Garrison 2474 | -8/Garrison | Build established: Hauler-Mutant 2480 | -8/Garrison | Destroyed 8 combat bots 2489 | -8/Garrison | Discovered new exit (range 15) 2499 | -8/Garrison | Discovered new exit (range 8) 2499 | -8/Garrison | Discovered new exit (range 74) 2499 | -8/Garrison | Discovered new exit (range 65) 2508 | -8/Garrison | Attempted to access garrison exit controls, blocked by remote lockdown 2645 | -8/Garrison | Garrison Relay disabled 2684 | -8/Garrison | Triggered checkpoint 2718 | -8/Garrison | Triggered checkpoint 2749 | -8/Garrison | Installed Relay Interface Framework 2781 | -8/Garrison | Entered Materials 2875 | -8/Materials | Identified exit to Storage 2966 | -8/Materials | Repaired Cmb. Airjet 3054 | -8/Materials | Discovered exit to Factory (range 14) 3177 | -8/Materials | Entered Storage 3289 | -8/Storage | Core integrity fell below 50% 3362 | -8/Storage | Destroyed 7 combat bots 3422 | -8/Storage | Identified exit to Garrison 3422 | -8/Storage | Entered Garrison 3572 | -8/Garrison | Lost 3 parts (1p1n1u) 3635 | -8/Garrison | Triggered checkpoint 3698 | -8/Garrison | Triggered checkpoint 3709 | -8/Garrison | Garrison Relay disabled 3750 | -8/Garrison | Triggered checkpoint 3832 | -8/Garrison | Garrison Relay disabled 3859 | -8/Garrison | Build established: Bothacker-Mutant 3993 | -8/Garrison | Triggered checkpoint 4038 | -8/Garrison | Discovered exit to Factory (range 10) 4074 | -8/Garrison | Triggered checkpoint 4106 | -8/Garrison | Rescued a captive Derelict 4114 | -8/Garrison | Rescued a captive Derelict 4127 | -8/Garrison | Garrison Relay disabled 4142 | -8/Garrison | Discovered exit to Factory (range 26) 4142 | -8/Garrison | Discovered exit to Factory (range 68) 4142 | -8/Garrison | Discovered exit to Factory (range 25) 4181 | -8/Garrison | Triggered checkpoint 4260 | -8/Garrison | Triggered checkpoint 4336 | -8/Garrison | Triggered checkpoint 4359 | -8/Garrison | Expanded RIF knowledge: Command Fork 4371 | -8/Garrison | Garrison Relay disabled 4491 | -8/Garrison | Entered Factory 4491 | -7/Factory | Accompanied by 2 allies 4491 | -7/Factory | Evolved 2 slots: Utility x2 4611 | -7/Factory | Fabricated Imp. Actuator Array (x1) 4651 | -7/Factory | Identified exit to Garrison 4651 | -7/Factory | Entered Garrison 4734 | -7/Garrison | Triggered checkpoint 4759 | -7/Garrison | Garrison Relay disabled 4900 | -7/Garrison | Triggered checkpoint 4981 | -7/Garrison | Triggered checkpoint 5038 | -7/Garrison | Triggered checkpoint 5082 | -7/Garrison | Triggered checkpoint 5149 | -7/Garrison | Discovered new exit (range 15) 5300 | -7/Garrison | Triggered checkpoint 5381 | -7/Garrison | Garrison Relay disabled 5459 | -7/Garrison | Discovered new exit (range 13) 5553 | -7/Garrison | Expanded RIF knowledge: Alert ID Control 5590 | -7/Garrison | Triggered checkpoint 5601 | -7/Garrison | Garrison Relay disabled 5626 | -7/Garrison | Discovered new exit (range 10) 5634 | -7/Garrison | Discovered new exit (range 8) 5634 | -7/Garrison | Discovered new exit (range 79) 5634 | -7/Garrison | Discovered new exit (range 65) 5723 | -7/Garrison | Triggered checkpoint 5770 | -7/Garrison | Garrison Relay disabled 5871 | -7/Garrison | Entered Factory 5871 | -7/Factory | Accompanied by 3 allies 6055 | -7/Factory | Identified exit to Lower Caves 6444 | -7/Factory | Repaired Cmb. Gravmag System 6744 | -7/Factory | Discovered new exit (range 6) 6747 | -7/Factory | Discovered new exit (range 10) 6858 | -7/Factory | Fabricated Cmb. Gravmag System (x2) 6901 | -7/Factory | Identified exit to Garrison 6901 | -7/Factory | Entered Garrison 7053 | -7/Garrison | Triggered checkpoint 7101 | -7/Garrison | Garrison Relay disabled 7206 | -7/Garrison | Triggered checkpoint 7282 | -7/Garrison | Triggered checkpoint 7296 | -7/Garrison | Triggered checkpoint 7350 | -7/Garrison | Garrison Relay disabled 7401 | -7/Garrison | Discovered new exit (range 12) 7407 | -7/Garrison | Expanded RIF knowledge: Hotswap 7601 | -7/Garrison | Rescued a captive Derelict 7624 | -7/Garrison | Discovered new exit (range 3) 7692 | -7/Garrison | Triggered checkpoint 7697 | -7/Garrison | Build established: Botlord-Mutant 7700 | -7/Garrison | Garrison Relay disabled 7715 | -7/Garrison | Garrison Relay disabled 7759 | -7/Garrison | Phase Generator disabled 7820 | -7/Garrison | Discovered new exit (range 13) 7870 | -7/Garrison | Found embedded Infiltrators 8034 | -7/Garrison | Triggered checkpoint 8054 | -7/Garrison | Garrison Relay disabled 8094 | -7/Garrison | Entered Factory 8094 | -6/Factory | Accompanied by 2 allies 8094 | -6/Factory | Evolved 2 slots: Utility x2 8095 | -6/Factory | Garrison activated, responded to threat 8601 | -6/Factory | Repaired Imp. Remote Datajack 8863 | -6/Factory | Identified exit to Garrison 8872 | -6/Factory | Entered Garrison 8872 | -6/Garrison | Accompanied by 3 allies 8893 | -6/Garrison | Phase Generator disabled 9012 | -6/Garrison | Triggered checkpoint 9026 | -6/Garrison | Garrison Relay disabled 9102 | -6/Garrison | Triggered checkpoint 9108 | -6/Garrison | Triggered checkpoint 9112 | -6/Garrison | Triggered checkpoint 9208 | -6/Garrison | Triggered checkpoint 9237 | -6/Garrison | Discovered new exit (range 10) 9278 | -6/Garrison | Spotted B-90 Cyclops 9289 | -6/Garrison | Rewired B-90 Cyclops 9329 | -6/Garrison | Allies destroyed B-90 Cyclops 9494 | -6/Garrison | Found embedded Infiltrators 9510 | -6/Garrison | Discovered new exit (range 11) 9516 | -6/Garrison | Triggered checkpoint 9531 | -6/Garrison | Garrison Relay disabled 9690 | -6/Garrison | Discovered new exit (range 10) 9728 | -6/Garrison | Found Relay Coupler [Proto] 9732 | -6/Garrison | Found Relay Coupler [Proto] 9733 | -6/Garrison | Found Relay Coupler [Proto] 9784 | -6/Garrison | Triggered checkpoint 9800 | -6/Garrison | Garrison Relay disabled 9823 | -6/Garrison | Found Fusion Bomb Launcher 9825 | -6/Garrison | Spotted B-75 Beast 9861 | -6/Garrison | Rescued a captive Derelict 9890 | -6/Garrison | Garrison Relay disabled 9898 | -6/Garrison | Triggered checkpoint 9919 | -6/Garrison | Expanded RIF knowledge: Patrol Navigation 9945 | -6/Garrison | Crushed by falling debris 10155 | -6/Garrison | Entered Factory 10155 | -5/Factory | Accompanied by 5 allies 10155 | -5/Factory | Evolved 2 slots: Propulsion x1, Utility x1 10271 | -5/Factory | Repaired Cmb. Gravmag System 10543 | -5/Factory | Fabricated Power Sword (x2) 10671 | -5/Factory | Garrison activated, responded to threat 10814 | -5/Factory | Identified exit to Upper Caves 10882 | -5/Factory | Garrison activated, responded to threat 10908 | -5/Factory | Fabricated Imp. System Shield? 11068 | -5/Factory | Discovered new exit (range 6) 11240 | -5/Factory | Discovered new exit (range 13) 11456 | -5/Factory | Found Prototype Processor 11456 | -5/Factory | Identified Exp. Targeting Computer 11458 | -5/Factory | Found Exp. Targeting Computer 11600 | -5/Factory | Discovered new exit (range 9) 11759 | -5/Factory | Garrison activated, responded to threat 12031 | -5/Factory | Fabricated Lrg. Storage Unit (x1) 12102 | -5/Factory | Found Scatter Rocket Array 12315 | -5/Factory | Fabricated Imp. Hacking Suite? 12759 | -5/Factory | Crushed by falling debris 13114 | -5/Factory | Identified exit to Garrison 13114 | -5/Factory | Entered Garrison 13136 | -5/Garrison | Triggered checkpoint 13144 | -5/Garrison | Discovered new exit (range 5) 13480 | -5/Garrison | Build established: Bothacker-Mutant 13496 | -5/Garrison | Garrison Relay disabled 13538 | -5/Garrison | Triggered checkpoint 13610 | -5/Garrison | Spotted B-75 Beast 13614 | -5/Garrison | Triggered checkpoint 13674 | -5/Garrison | Entered Factory 13674 | -5/Factory | Accompanied by 3 allies 13889 | -5/Factory | Fabricated Exp. Energy Well (x1) 13986 | -5/Factory | Fabricated Imp. System Shield? 14128 | -5/Factory | Spotted B-75 Beast 14275 | -5/Factory | Build established: Hacker-Mutant 14653 | -5/Factory | Discovered exit to Upper Caves (range 13) 14754 | -5/Factory | Fabricated Imp. Hacking Suite? 14876 | -5/Factory | System corruption reached 10% 14920 | -5/Factory | Entered Upper Caves 14940 | -5/Upper Caves | Lost 3 parts (2n1u) 14958 | -5/Upper Caves | Ambushed by wild Derelicts 14990 | -5/Upper Caves | Core integrity fell below 50% 15005 | -5/Upper Caves | Lost 3 parts (1u2w) 15702 | -5/Upper Caves | Attracted the attention of an 0b10 checkpoint 15765 | -5/Upper Caves | Crushed by falling debris 15773 | -5/Upper Caves | Discovered new exit (range 10) 15783 | -5/Upper Caves | Entered another Upper Caves area 15789 | -5/Upper Caves | Learned Factory terminal intel 15809 | -5/Upper Caves | Discovered new exit (range 9) 15817 | -5/Upper Caves | Entered Factory 15817 | -4/Factory | Evolved 2 slots: Power x1, Utility x1 15818 | -4/Factory | Loaded intel: 27 terminal locations 15868 | -4/Factory | Identified exit to Upper Caves 15868 | -4/Factory | Identified exit to Extension 15868 | -4/Factory | Identified exit to Armory 16347 | -4/Factory | Core integrity fell below 50% 16366 | -4/Factory | Core integrity fell below 20% 16376 | -4/Factory | Destroyed by G-67 Veteran with Field Laser Last Messages --------------- 16364_ K-01 Serf destroyed. 16364_ G-73 Enforcer destroyed. 16364_ G-67 Veteran destroyed. 16364_ M-13 Machinist destroyed. 16364_ K-01 Serf destroyed. 16364_ G-67 Veteran destroyed. 16364_ K-01 Serf destroyed. 16366_ K-01 Serf collects debris. 16367_ System corrupted: Substantial component data lost. 16367_ R-10 Processor collects Lgt. Ion Engine. 16369_ R-10 Processor collects Plasma Rifle. 16370_ K-01 Serf collects debris. 16371_ Critical hit (Burn: +37). 16371_ U-05 Engineer builds a Wall. 16372_ R-10 Processor collects Flexi-carbon Leg. 16372_ R-10 Processor collects Backup Laser I. 16374_ K-01 Serf collects debris. 16375_ R-10 Processor collects Field Laser. 16375_ U-05 Engineer builds a Wall. 16376_ Imp. System Shield destroyed. Map ----- +----------------------------------------------------+ | ?????????????????????????????????? #######??????# | | ????????????????????????????????? ????? | | ????????????????????????????????# ?? | | ????????????????????????????????+ !! """"""" | | ????????????????????????????????# !! """"""" | | ????????????????????????????????# !! """"""" | | ????????????????????????????????# """"""" | | ????????????????????????????????# | | ????????????????????????????????# !!! | | ????????????????????????????????# !!! | | ??????????????????????????"?????# !! | | ?????????????????????????? ?????# | | ??????????????????????####/###### | | ??????????????????????# # ##### | | ??????????????????????# !]] # ## ## | | ??????????????????????# !]] # """ !] ## ## | | ??????????????"???????# ]]] + """ ]] ## | | ??????????????""??????# # """ ] ##### | | ????????????"""" "????# # #???? | | ????????????? ???? ?# #???? | | ??????????????? ??? ? # #### ###???? | | ????????????????? ?##;;;;;#;## #??# #?????? | | ??????????????????? # ;; ## #??# #?????? | | ????????????????????? ; ; ####/####### | | ??????????????????????# gl # | | ??????????????????????# @ [ # | | ??????????????????????# % % k # | | ??????????????????????# g # """ | | ??????????????????????# * % # """"" | | ???????????????????? u [ [R # """"" | | ???????????????? #u + | | ???????????? k u# % R # """ | | ??????????? # = ; # """"" ? | | ???????????? p %# % % ; # """""?? | | ????????????####### # =%= #p # ?? | | ??????????????????# ######### # ?? | | ??????????????????# ??????? ###########? | | ??????????????????# ??????? #??????????? | | ??????????????????# ?????? #??????????? | | ??????????????????# ? ????? #??????????? | | ??????????????????#???????? #??????????? | | ??????????????????????????#############??????????? | | ?????????????????????????????????????????????????? | | ?????????????????????????????????????????????????? | | ?????????????????????????????????????????????????? | | ?????????????????????????????????????????????????? | | ?????????????????????????????????????????????????? | | ?????????????????????????????????????????????????? | | ?????????????????????????????????????????????????? | | ?????????????????????????????????????????????????? | +----------------------------------------------------+ Best States ------------- Heat Dissipation 69 Energy Generation 25 Energy Capacity 350 Matter Stores 300 Matter Capacity 300 Sight Range 16 Terrain Scan Range 20 Terrain Scan Density 210 Armor Coverage 225 Resistance: KI 20 Resistance: TH 45 Resistance: EX 20 Resistance: EM 20 Resistance: I 20 Resistance: S 20 Resistance: P 20 Core Shielding 20 Propulsion Shielding 90 Evasion (%) 72 Targeting Accuracy 12 Offensive Hacking 46 Defensive Hacking 24 Relay Coupler Types 3 Relay Coupler Value 110 Authchip Count 6 Item Schematics ----------------- Cld. Deuterium Engine | -8/Materials | Scanalyzed Tesla Rifle | -8/Materials | Scanalyzed Imp. Actuator Array | -8/Storage | Hacked Power Sword | -8/Storage | Hacked Cmb. Gravmag System | -7/Factory | Scanalyzed Exp. Propulsion Shielding | -5/Factory | Scanalyzed Imp. Hacking Suite | -5/Factory | Hacked Imp. System Shield | -5/Factory | Hacked Gravmag Array | -5/Factory | Hacked Imp. Remote Datajack | -5/Factory | Hacked KE Penetrator | -5/Factory | Hacked Enh. Force Lance | -5/Factory | Hacked Exp. Targeting Computer | -5/Factory | Scanalyzed Adv. Shield Generator | -5/Factory | Scanalyzed Hyp. Gauss Cannon | -5/Factory | Scanalyzed Com. HERF Cannon | -5/Factory | Scanalyzed Lrg. Storage Unit | -5/Factory | Hacked Enh. Nova Cannon | -5/Factory | Scanalyzed Exp. Energy Well | -5/Factory | Scanalyzed Scatter Rocket Array | -5/Factory | Scanalyzed Enh. Quantum Rifle | -5/Factory | Scanalyzed Adv. Heat Sink | -5/Factory | Scanalyzed Cold Fusion Reactor | -5/Factory | Scanalyzed Molecular Scythe | -5/Factory | Hacked Lyr. Medium Armor Plating | -5/Factory | Hacked Quantum Reactor | -4/Factory | Hacked Robot Schematics ------------------ A-02 Transporter | -5/Factory | Hacked Fabricated ------------ Imp. Actuator Array | x1 | -7/Factory Cmb. Gravmag System | x2 | -7/Factory Power Sword | x2 | -5/Factory Imp. System Shield | x1 | -5/Factory Lrg. Storage Unit | x1 | -5/Factory Imp. Hacking Suite | x1 | -5/Factory Exp. Energy Well | x1 | -5/Factory | Preloaded Imp. System Shield | x1 | -5/Factory Imp. Hacking Suite | x1 | -5/Factory Alien Tech Used ----------------- None Achievements -------------- Assimilation Complete Beloved Error 47 Pwned Challenges ------------ None Game ------ Seed SpikedScrapFacilitator Manual? 0 Play Time 08:12:38 Cumulative 199.7 hours Start 2023.09.12 @ 16:42:40 End 2023.09.13 @ 18:49:00 Sessions 9 Manual Loads 0 Difficulty Adventurer Special Mode None Game No. 108 Rogue 66 Adventurer 42 Explorer 0 Win Type - Total 1 Types 1/0/0/0/0/0/0/0/0 Lore% 57 Gallery% 56 Achievement% 55 Wizard Run 0 Options --------- ASCII 0 Keyboard 1 Movement Vi Keybinds 1 Fullscreen 2 Font 18/X11Bold Map View 76x50 Tactical HUD 1 Map Filters NONE Filters NONE Steam 1 RUN: 41ca92b2-21a8-4945-8e1a-d4b6ce63dc44